 Dungeon Sprint DCSS version 0.21-a0-272-g984ae92 (webtiles) character file.

171 Kidiri the Sneak (level 5, -8/27 HPs)
             Began as a Spriggan Enchanter on Sept 15, 2017.
             Was an Initiate of Dithmenos.
             Mangled by a spriggan
             ... wielding a +0 rapier
              (16 damage)
             ... in the Dungeon (Sprint IV: "Fedhas' Mad Dash").
             The game lasted 00:01:41 (903 turns).

Kidiri the Sneak (Spriggan Enchanter)                Turns: 903, Time: 00:01:42

Health: -8/27      AC:  2    Str:  4    XL:     5   Next: 26%
Magic:  11/14      EV: 23    Int: 16    God:    Dithmenos [......]
Gold:   67         SH:  0    Dex: 18    Spells: 3/15 levels left

rFire    . . .     SeeInvis +   a - +1 dagger
rCold    . . .     Gourm    .   (shield restricted)
rNeg     . . .     Faith    .   b - +0 robe
rPois    .         Spirit   .   (helmet restricted)
rElec    .         Reflect  .   (no cloak)
rCorr    .         Harm     .   (gloves unavailable)
MR       .....     NoTele   +   (boots unavailable)
Stlth    ++++......             k - amulet of invisibility {+Inv}
HPRegen  0.09/turn              (no ring)
MPRegen  0.14/turn              (no ring)

@: very slightly contaminated, invisible, very quick
A: unfitting armour, see invisible, herbivore 3, speed 3, slow metabolism 2
a: Renounce Religion


You were in the Dungeon.
You worshipped Dithmenos.
Dithmenos was noncommittal.
You were not hungry.

You visited 1 branch You collected 67 gold pieces.

Inventory:

Hand Weapons
 a - a +1 dagger (weapon)
Armour
 b - a +0 robe (worn)
Jewellery
 k - the amulet of invisibility (around neck) {+Inv}
   (You found it in the Dungeon)

   [amulet of nothing]

   It lets you turn invisible.
Scrolls
 j - a scroll of blinking
 l - a scroll of remove curse {unknown}
Potions
 e - a potion of curing
 f - a potion of heal wounds
 g - a potion of haste
 h - a potion of magic
 i - a potion of flight {unknown}
Books
 c - a book of Maledictions

   Spells                             Type                      Level
   a - Corona                         Hexes                        1
   b - Ensorcelled Hibernation        Hexes/Ice                    2
   c - Confuse                        Hexes                        3
   d - Tukima's Dance                 Hexes                        3
   e - Dazzling Spray                 Conjuration/Hexes            3
Comestibles
 d - a bread ration


   Skills:
 + Level 2.3 Fighting
 * Level 4.9 Short Blades
 + Level 2.0 Armour
 * Level 6.8 Dodging
 * Level 7.9 Stealth
 * Level 5.7 Spellcasting
 + Level 1.0 Conjurations
 + Level 5.1 Hexes
 + Level 2.0 Ice Magic


You had 3 spell levels left.
You knew the following spells:

 Your Spells              Type           Power        Failure   Level  Hunger
a - Corona                Hex            ###....      1%          1    None
b - Ensorcelled Hibernat  Hex/Ice        ###...       4%          2    #......
c - Confuse               Hex            ###.....     4%          3    ##.....
d - Tukima's Dance        Hex            ###.....     4%          3    ##.....
e - Dazzling Spray        Conj/Hex       ##....       12%         3    ##.....


Dungeon Overview and Level Annotations

Branches:
Dungeon (1/1)

Altars:
Cheibriados
Dithmenos
Elyvilon
Gozag
Hepliaklqana
Kikubaaqudgha
Makhleb
Nemelex Xobeh
Okawaru
Qazlal
Ru
Sif Muna
Trog
Uskayaw
Vehumet
Wu Jian
Xom
Yredelemnul
Zin
The Shining One
Beogh
Jiyva
Lugonu


Innate Abilities, Weirdness & Mutations

You are very small and have problems with some larger weapons.
You are too small for most types of armour.
You have supernaturally acute eyesight. (SInv)
You are a herbivore.
You cover ground extremely quickly.
You need consume almost no food.


Message History

Unknown command.
You barely miss the spriggan.
The spriggan is severely wounded.
The spriggan barely misses you.
Unknown command.
Magic courses through your body. The spriggan barely misses you.
The spriggan hits you with a dagger.
* * * LOW HITPOINT WARNING * * *
Casting: Dazzling Spray
Confirm with . or Enter, or press ? or * to list all spells.
Aiming: Dazzling Spray
Press: ? - help, Shift-Dir - straight line, f/p - spriggan
Aim: a spriggan, wielding a dagger and wearing a robe (moderately wounded)
The spray of energy hits the spriggan.
The spriggan is severely wounded.
The spriggan is dazzled.
The spray of energy misses the spriggan.
The spriggan hits you with a rapier!
Ouch! That really hurt!
You die...

######################
#.⌠._._._._.⌠.#.ii$..#
'.._._._._._..'.@#
#..._._._._...#..#
#.._._._._._..#..#
#._._._._._.⌠.####
############### #


You could see 2 spriggans.

Vanquished Creatures
  4 oklob saplings (D)
  A worker ant (D)
  A river rat (D)
  A rat (D)
7 creatures vanquished.

Notes
Turn   | Place    | Note
-------+----------+-------------------------------------------
     0 | D        | Kidiri the Spriggan Enchanter began the quest for the Orb.
     0 | D        | Reached XP level 1. HP: 9/9 MP: 5/5
     9 | D        | Reached skill level 5 in Stealth
     9 | D        | Reached XP level 2. HP: 14/14 MP: 7/7
    19 | D        | Learned a level 2 spell: Ensorcelled Hibernation
   104 | D        | Noticed an oklob sapling
   105 | D        | Killed an oklob sapling
   105 | D        | Reached skill level 1 in Fighting
   105 | D        | Reached skill level 1 in Armour
   105 | D        | Reached skill level 1 in Ice Magic
   105 | D        | Reached XP level 3. HP: 18/18 MP: 7/9
   110 | D        | Learned a level 3 spell: Confuse
   114 | D        | Learned a level 3 spell: Tukima's Dance
   179 | D        | Found the amulet of invisibility {+Inv}
   180 | D        | Reached skill level 5 in Dodging
   180 | D        | Reached skill level 6 in Stealth
   308 | D        | Noticed an oklob sapling
   311 | D        | Killed an oklob sapling
   311 | D        | Reached XP level 4. HP: 23/23 MP: 7/11
   431 | D        | Learned a level 3 spell: Dazzling Spray
   433 | D        | Found an opulent altar of Gozag.
   433 | D        | Found a hazy altar of Hepliaklqana.
   433 | D        | Found a roughly hewn altar of Beogh.
   433 | D        | Found a snail-covered altar of Cheibriados.
   434 | D        | Found a viscous altar of Jiyva.
   434 | D        | Found a burning altar of Makhleb.
   434 | D        | Found a sparkling altar of Nemelex Xobeh.
   434 | D        | Found a sacrificial altar of Ru.
   434 | D        | Found a deep blue altar of Sif Muna.
   434 | D        | Found a bloodstained altar of Trog.
   434 | D        | Found an ornate altar of the Wu Jian Council.
   434 | D        | Found a shimmering altar of Xom.
   434 | D        | Found a basalt altar of Yredelemnul.
   435 | D        | Found an iron altar of Okawaru.
   435 | D        | Found a shadowy altar of Dithmenos.
   435 | D        | Found a glowing silver altar of Zin.
   436 | D        | Found an ancient bone altar of Kikubaaqudgha.
   436 | D        | Found a hide-covered altar of Uskayaw.
   437 | D        | Found a stormy altar of Qazlal.
   437 | D        | Found a white marble altar of Elyvilon.
   437 | D        | Found a glowing golden altar of the Shining One.
   438 | D        | Found a corrupted altar of Lugonu.
   438 | D        | Found a radiant altar of Vehumet.
   443 | D        | Became a worshipper of Dithmenos the Shadowed
   446 | D        | Reached skill level 7 in Stealth
   446 | D        | Reached skill level 5 in Spellcasting
   446 | D        | Reached XP level 5. HP: 26/26 MP: 10/13
   675 | D        | Reached skill level 1 in Conjurations
   675 | D        | Reached skill level 5 in Hexes
   903 | D        | Mangled by a spriggan

Vault maps used:
D:        dungeon_sprint_fedhas

Skill      XL: |  1  2  3  4  5 |
---------------+----------------+-----
Short Blades   | 2 3 4 |  4.9
Stealth        | 5 6 7 |  7.9
Spellcasting   | 3 4 5 |  5.7
Dodging        | 4 5 6 |  6.8
Fighting       | 1 2 |  2.3
Armour         | 1 2 |  2.0
Hexes          | 4 5 |  5.1
Ice Magic      | 1 2 |  2.0
Conjurations   | 1 |  1.0

Action                   |  1- 3 |  4- 6 || total
-------------------------+-------+-------++-------
Melee: Dagger            |     7 |     8 ||    15
 Cast: Confuse           |       |     3 ||     3
       Dazzling Spray    |       |     2 ||     2
 Abil: Evoke Invisibilit |     1 |     3 ||     4
  Use: Potion            |     1 |     1 ||     2
 Stab: Sleeping          |     3 |     1 ||     4
       Invisible         |       |     2 ||     2
Dodge: Dodged            |     1 |    10 ||    11

Table legend:
 A = Spawn XP
 B = Non-spawn XP
 C = Spawn XP percentage of total XP
 D = Spawn monster count
 E = Non-spawn monster count
 F = Spawn count percentage of total count
 G = Total turns spent on level
                    A         B        C        D         E        F      G
               +---------+---------+-------+---------+---------+-------+---------
         Total |       0 |     245 |   0.0 |       0 |       7 |   0.0 |   903
               +---------+---------+-------+---------+---------+-------+---------
             D |       0 |     245 |   0.0 |       0 |       7 |   0.0 |   903
               +---------+---------+-------+---------+---------+-------+---------
